[Event "Titled Tuesday Blitz February 22 Late 2022"]
[White "Novikov, Evgenij"]
[Black "Todorovic, Bojan"]
[WhiteFideId "4125380"]
[BlackFideId "917087"]
[WhiteElo "2242"]
[BlackElo "2266"]
[Result "1-0"]
[Round "07"]
[TimeControl "180+1"]
[Date "2022.02.23"]
[WhiteClock "0:00:05"]
[BlackClock "0:00:01"]

1. b3 Nf6 2. Bb2 g6 3. Bxf6 exf6 4. c4 Bg7 5. Nc3 O-O 6. g3 f5 7. Bg2 d6 8. e3 c6 9. Nge2 Nd7 10. h4 h5 11. Nf4 Re8 12. Qc2 Nf6 13. O-O Ne4 14. Nfe2 d5 15. Rac1 dxc4 16. Nxe4 cxb3 17. axb3 fxe4 18. Bxe4 Qe7 19. Bg2 Qb4 20. Nc3 Be6 21. Rb1 Rad8 22. Rfc1 Bf5 23. e4 Be6 24. d3 Bxc3 25. Qxc3 Qxc3 26. Rxc3 Rd4 27. f4 Red8 28. Bf1 Rb4 29. Be2 a5 30. Ra1 b6 31. Ra3 c5 32. Kf2 Ra8 33. Ke3 a4 34. bxa4 Raxa4 35. Rxa4 Rxa4 36. Rc2 Kf8 37. Rb2 Ra6 38. Kd2 Ba2 39. d4 c4 40. Kc3 Ra3+ 41. Kb4 Ra5 42. Bxc4 Bxc4 43. Kxc4 Ra3 44. Rb3 Ra4+ 45. Kd5 Ra5+ 46. Kd6 b5 47. d5 Ra4 48. e5 b4 49. Kc5 Ra5+ 50. Kc4 Ke7 51. Rxb4 Ra3 52. Rb7+ Ke8 53. Rb3 Ra4+ 54. Kc5 Ra5+ 55. Kc6 Ra6+ 56. Rb6 Ra3 57. Kd6 Kf8 58. Rb8+ Kg7 59. Rb7 Ra6+ 60. Ke7 Ra3 61. Ke8 Rxg3 62. Rxf7+ Kg8 63. d6 Ra3 64. d7 Ra8+ 65. Ke7 Rb8 66. e6 1-0


[Site "https://www.chess.com"]

[Event "Titled Tuesday Blitz February 22 Late 2022"]
[White "P., Komal Kishore"]
[Black "Moskvin, Anatoly"]
[WhiteFideId "5016703"]
[BlackFideId "24199990"]
[WhiteElo "2047"]
[BlackElo "2079"]
[Result "0-1"]
[Round "07"]
[TimeControl "180+1"]
[Date "2022.02.23"]
[WhiteClock "0:00:09"]
[BlackClock "0:01:08"]

1. e4 e5 2. Nf3 Nc6 3. Bb5 Nge7 4. O-O a6 5. Ba4 d6 6. h3 Bd7 7. c3 Ng6 8. d4 h6 9. Re1 Be7 10. Nbd2 Bg5 11. Nf1 Bxc1 12. Rxc1 b5 13. Bb3 Nf4 14. Qd2 Qf6 15. Qe3 g5 16. dxe5 dxe5 17. Rcd1 h5 18. N3h2 g4 19. Qd2 Rd8 20. hxg4 hxg4 21. g3 Nh3+ 22. Kg2 Bf5 23. Qe2 Bxe4+ 0-1


[Site "https://www.chess.com"]

[Event "Titled Tuesday Blitz February 22 Late 2022"]
[White "Pakleza, Zbigniew"]
[Black "Goltseva, Ekaterina"]
[WhiteFideId "1119290"]
[BlackFideId "24173770"]
[WhiteElo "2467"]
[BlackElo "2140"]
[Result "0-1"]
[Round "07"]
[TimeControl "180+1"]
[Date "2022.02.22"]
[WhiteClock "0:00:05"]
[BlackClock "0:00:16"]

1. d4 Nf6 2. Nf3 e6 3. Bf4 c5 4. c3 Qb6 5. Qb3 Qxb3 6. axb3 Nc6 7. e3 d5 8. Nbd2 cxd4 9. exd4 Be7 10. b4 O-O 11. b5 Nd8 12. Bd3 Bd7 13. h3 Nh5 14. Bh2 f5 15. Ne5 Be8 16. O-O Nf7 17. Ra2 Bd6 18. Rfa1 f4 19. Nxf7 Bxf7 20. Rxa7 Rab8 21. Nf3 h6 22. Ne5 Bxe5 23. dxe5 g5 24. f3 Kg7 25. Kf2 Bg6 26. Ke2 Bxd3+ 27. Kxd3 Kg6 28. Bg1 Rfc8 29. b4 Ng3 30. Bc5 Nf5 31. b6 Rd8 32. R1a2 Kf7 33. Kc2 d4 34. c4 d3+ 35. Kc3 Ne3 36. Rd2 Rd7 37. Bd6 Rc8 38. c5 Nd5+ 39. Kb3 Ne3 40. b5 Ke8 41. Kc3 Nf5 42. Kxd3 Rxc5 43. Rxb7 Rd5+ 44. Kc4 Nxd6+ 45. exd6 Rxb7 46. Rxd5 exd5+ 47. Kxd5 Kd7 48. Kc5 Rb8 0-1


[Site "https://www.chess.com"]

[Event "Titled Tuesday Blitz February 22 Late 2022"]
[White "Papasimakopoulos, Alexandros"]
[Black "Cunha, Lucas Aguiar"]
[WhiteFideId "4244125"]
[BlackFideId "2125404"]
[WhiteElo "2749"]
[BlackElo "2547"]
[Result "1-0"]
[Round "07"]
[TimeControl "180+1"]
[Date "2022.02.23"]
[WhiteClock "0:00:21"]
[BlackClock "0:00:20"]

1. d4 Nf6 2. c4 e6 3. Nc3 Bb4 4. Qc2 Nc6 5. Nf3 d6 6. Bd2 O-O 7. a3 Bxc3 8. Bxc3 Qe7 9. e3 e5 10. d5 Nd8 11. Be2 a5 12. b3 Nd7 13. O-O f5 14. Nd2 Nf6 15. b4 b6 16. f3 Nf7 17. Bd3 Nh6 18. bxa5 bxa5 19. Rab1 Bd7 20. e4 Nh5 21. g3 Qg5 22. Rf2 f4 23. g4 Bxg4 24. fxg4 Nxg4 25. Nf3 Qh6 26. Rg2 Ne3 27. Qe2 Nf6 28. a4 Rfb8 29. Rb5 Rxb5 30. cxb5 Qh5 31. Rg5 Qh3 32. Bd2 Nfg4 33. Bxe3 fxe3 34. Qg2 Qxg2+ 35. Kxg2 Nf2 36. Ne1 g6 37. Bc2 Rf8 38. Rg3 e2 39. Re3 Ng4 40. Rxe2 Rf4 41. h3 Nf6 42. Rf2 Nh5 43. Rxf4 Nxf4+ 44. Kg3 Ne2+ 45. Kf3 Nd4+ 46. Ke3 g5 47. Bd1 Kg7 48. Nf3 Nxf3 49. Kxf3 h5 50. Kg3 Kh6 51. Be2 Kg6 52. Kf2 Kh6 53. Ke3 Kg6 54. Kd2 Kh6 55. Kd3 Kg6 56. Kc4 Kh6 57. b6 cxb6 58. Kb5 1-0


[Site "https://www.chess.com"]

[Event "Titled Tuesday Blitz February 22 Late 2022"]
[White "Paravyan, David"]
[Black "Kobalia, Mikhail"]
[WhiteFideId "4194985"]
[BlackFideId "4119150"]
[WhiteElo "2569"]
[BlackElo "2667"]
[Result "1/2-1/2"]
[Round "07"]
[TimeControl "180+1"]
[Date "2022.02.22"]
[WhiteClock "0:00:08"]
[BlackClock "0:00:06"]

1. e4 c6 2. d4 d5 3. e5 Bf5 4. h4 h5 5. Bd3 Bxd3 6. Qxd3 Qa5+ 7. Nd2 e6 8. Nf3 Qa6 9. c4 Nh6 10. O-O Nf5 11. Qc3 Be7 12. cxd5 cxd5 13. Nb3 Nc6 14. Bg5 Rc8 15. Bxe7 Ncxe7 16. Nc5 Qc6 17. Rac1 b6 18. Nd3 Qxc3 19. Rxc3 Rxc3 20. bxc3 Kd7 21. Rb1 Rc8 22. Rb3 Nc6 23. g3 Na5 24. Ra3 Rc7 25. Kg2 Nc4 26. Rb3 Na5 27. Ra3 Ke7 28. Nf4 g6 29. Ne2 Nh6 30. Nd2 Nf5 31. Kf1 Kd7 32. Ke1 Ne7 33. Kd1 Nec6 34. Nf4 a6 35. Nd3 Na7 36. Nc5+ bxc5 37. Rxa5 Nb5 38. dxc5 Rxc5 39. Rxa6 Nxc3+ 40. Ke1 Rc7 41. a4 Rb7 42. Nf3 Ne4 43. Ng5 Rb1+ 44. Ke2 Rb2+ 45. Ke3 Nxg5 46. hxg5 d4+ 47. Kf3 Rb4 48. Ke4 Rb2 49. f4 Rb3 50. Ra7+ Ke8 51. a5 Rxg3 52. Kxd4 h4 53. a6 Ra3 54. Ra8+ Ke7 55. a7 h3 56. Ke4 h2 57. Rh8 Ra4+ 58. Kf3 Rxa7 59. Rxh2 Ra3+ 60. Kg4 Rb3 61. Rg2 Ra3 62. Rh2 Rb3 63. Rg2 Ra3 64. Rh2 1/2-1/2


[Site "https://www.chess.com"]

[Event "Titled Tuesday Blitz February 22 Late 2022"]
[White "Peterson, Eric"]
[Black "Brunner, Nicolas"]
[WhiteFideId "14908395"]
[BlackFideId "620246"]
[WhiteElo "2195"]
[BlackElo "2372"]
[Result "1-0"]
[Round "07"]
[TimeControl "180+1"]
[Date "2022.02.23"]
[WhiteClock "0:00:58"]
[BlackClock "0:00:01"]

1. e4 e5 2. Nf3 Nc6 3. Bb5 a6 4. Ba4 Nf6 5. d4 exd4 6. O-O Be7 7. Re1 b5 8. e5 Nxe5 9. Nxe5 bxa4 10. Qxd4 O-O 11. Qxa4 Bb7 12. Nc3 d5 13. Bf4 Bd6 14. Bg3 Nh5 15. Rad1 Nxg3 16. hxg3 Re8 17. Nf3 c6 18. Rxe8+ Qxe8 19. Re1 Qd8 20. Qg4 Bc8 21. Qd4 Be6 22. Qd2 Rb8 23. b3 Bb4 24. Qd3 Qa5 25. Re3 h6 26. a4 Rd8 27. Ne2 c5 28. c3 Ba3 29. Nf4 c4 30. bxc4 dxc4 31. Qe4 Qxa4 32. Nxe6 fxe6 33. Qxe6+ Kh8 34. Nh4 Qd1+ 35. Kh2 Qd5 36. Ng6+ Kh7 37. Qg4 Bc5 38. Rf3 a5 39. Nf4 Qd7 40. Qg6+ Kh8 41. Ne6 Rc8 42. Rf7 Qxf7 43. Qxf7 Bd6 44. Qxg7# 1-0


[Site "https://www.chess.com"]

[Event "Titled Tuesday Blitz February 22 Late 2022"]
[White "Piesik, Piotr"]
[Black "Iskusnyh, Sergei"]
[WhiteFideId "1136194"]
[BlackFideId "4120027"]
[WhiteElo "2496"]
[BlackElo "2676"]
[Result "0-1"]
[Round "07"]
[TimeControl "180+1"]
[Date "2022.02.23"]
[WhiteClock "0:01:41"]
[BlackClock "0:01:16"]

1. Nf3 d5 2. g3 Nf6 3. Bg2 c6 4. O-O Bf5 5. d3 h6 6. Nbd2 e6 7. Qe1 Be7 8. e4 Bh7 9. Qe2 O-O 10. b3 a5 11. a4 Na6 12. Bb2 Nb4 13. Ne1 b5 14. e5 Nd7 15. f4 bxa4 16. Rxa4 Nc5 17. Ra1 a4 18. d4 axb3 19. dxc5 Rxa1 20. Bxa1 Bxc5+ 21. Kh1 bxc2 22. Nb3 Bb6 23. Bc3 c5 24. Bxb4 cxb4 25. Nxc2 Qc7 26. Rc1 Rc8 27. Nxb4 Qxc1+ 28. Nxc1 Rxc1+ 29. Bf1 Be4+ 30. Qxe4 Rxf1+ 0-1


[Site "https://www.chess.com"]

[Event "Titled Tuesday Blitz February 22 Late 2022"]
[White "Pinheiro, Iung Alicio de O."]
[Black "Bouget, Alexandre"]
[WhiteFideId "2104350"]
[BlackFideId "681318"]
[WhiteElo "2591"]
[BlackElo "2178"]
[Result "1/2-1/2"]
[Round "07"]
[TimeControl "180+1"]
[Date "2022.02.23"]
[WhiteClock "0:00:08"]
[BlackClock "0:00:04"]

1. e4 e5 2. Bc4 Nc6 3. d3 d6 4. Nc3 g6 5. f4 Bg7 6. Nf3 Nge7 7. O-O O-O 8. Qe1 exf4 9. Bxf4 Ne5 10. Bb3 Nxf3+ 11. Rxf3 Be6 12. Qh4 d5 13. Bg5 f6 14. Bxf6 Bxf6 15. Rxf6 Bf7 16. Raf1 c6 17. exd5 cxd5 18. Qf2 Nf5 19. Rxf7 Kxf7 20. g4 Kg8 21. gxf5 Rxf5 22. Qg2 Rg5 23. Bxd5+ Kg7 24. Rf7+ Kh6 25. Bxb7 Rxg2+ 26. Kxg2 Rb8 27. Ne4 Qe8 28. Rxh7+ Kxh7 29. Nf6+ Kh6 30. Nxe8 Rxb7 31. b3 Rb6 32. c4 Re6 33. Nc7 Re2+ 34. Kg3 Re3+ 35. Kf4 Rxd3 36. Nd5 Rd2 37. h3 Rxa2 38. Ke5 Rh2 39. c5 Rxh3 40. c6 Rh2 41. Kd4 Kg7 42. c7 Rh8 43. Ne7 g5 44. Ke5 Kf7 45. c8=Q Rxc8 46. Nxc8 Ke8 47. Nxa7 Kd7 48. Nb5 Kc6 49. Nc3 Kc5 50. Kf5 Kb4 51. Ne4 Kxb3 52. Nxg5 1/2-1/2


[Site "https://www.chess.com"]

[Event "Titled Tuesday Blitz February 22 Late 2022"]
[White "Prohorov, Olexandr"]
[Black "Vargas Pereda, Jesus Manue"]
[WhiteFideId "14105578"]
[BlackFideId "5115710"]
[WhiteElo "1993"]
[BlackElo "1746"]
[Result "1-0"]
[Round "07"]
[TimeControl "180+1"]
[Date "2022.02.23"]
[WhiteClock "0:00:55"]
[BlackClock "0:00:31"]

1. e4 c6 2. d4 d5 3. e5 Bf5 4. Nc3 e6 5. g4 Bg6 6. Nge2 h6 7. Nf4 Bh7 8. Nh5 c5 9. Be3 cxd4 10. Bxd4 Nc6 11. f4 Qh4+ 12. Bf2 Qd8 13. Qd2 f6 14. O-O-O Rc8 15. Bg2 Bg6 16. Ng3 Bf7 17. Rhe1 fxe5 18. fxe5 Bb4 19. Qd3 Bxc3 20. Qxc3 Nge7 21. h4 O-O 22. g5 Ng6 23. gxh6 Nxh4 24. Bxd5 exd5 25. e6 Bg6 26. Qxg7# 1-0


[Site "https://www.chess.com"]

[Event "Titled Tuesday Blitz February 22 Late 2022"]
[White "Przybylski, Wojciech"]
[Black "Aradhya, Garg"]
[WhiteFideId "1117599"]
[BlackFideId "25006746"]
[WhiteElo "2133"]
[BlackElo "2169"]
[Result "1-0"]
[Round "07"]
[TimeControl "180+1"]
[Date "2022.02.23"]
[WhiteClock "0:00:07"]
[BlackClock "0:00:13"]

1. e4 e5 2. Nf3 Nc6 3. Bb5 a6 4. Ba4 Nge7 5. O-O Ng6 6. c3 d5 7. d3 Be7 8. Nbd2 O-O 9. Re1 dxe4 10. dxe4 Be6 11. Bb3 Qd7 12. Bxe6 Qxe6 13. Nf1 Rfd8 14. Qc2 f6 15. Ng3 a5 16. Be3 a4 17. b3 b5 18. h3 Ra6 19. b4 Qc4 20. Rac1 Raa8 21. Nd2 Qd3 22. Nb1 Nf4 23. Na3 Qxc2 24. Rxc2 Nxb4 25. cxb4 Bxb4 26. Rb1 Bxa3 27. Rxb5 Ne6 28. Rc6 Rd6 29. Rc2 c5 30. Nf5 Rd1+ 31. Kh2 g6 32. Ne7+ Kf7 33. Nd5 Ra7 34. Rc3 Bb4 35. Nxb4 cxb4 36. Rxb4 Nd4 37. Ra3 f5 38. Rbxa4 Rxa4 39. Rxa4 fxe4 40. Ra7+ Ke6 41. a4 Ra1 42. a5 Nc6 43. Ra6 Kd5 44. Bb6 e3 45. fxe3 Ke4 46. Ra8 Nb4 47. Kg3 Nd5 48. Re8 Ra3 49. Kh2 Nxe3 50. Bc7 Nc4 51. Re7 h5 52. Re6 Kf5 53. Re8 Nxa5 54. Rxe5+ Kf6 55. Rxa5 Re3 56. Ra6+ Kf7 57. Bf4 Re4 58. Bg5 Re6 59. Ra7+ Kg8 60. h4 Re4 61. Ra8+ Kf7 62. Ra7+ Kg8 63. Ra6 Kf7 64. Kg3 Rg4+ 65. Kh3 Re4 66. Rf6+ Kg7 67. Rc6 Rb4 68. Rc7+ Kg8 69. g3 Rb1 70. Bf6 Rh1+ 71. Kg2 Rd1 72. Be5 Kf8 73. Bf4 Rd5 74. Kf3 Ke8 75. Ke4 Ra5 76. Rb7 Kf8 77. Rd7 Ra4+ 78. Ke5 Ra6 79. Rd6 Rxd6 80. Kxd6 Kf7 81. Ke5 Ke7 82. Bg5+ Kf7 83. Bf6 Kg8 84. Ke6 Kf8 85. Bg5 Kg7 86. Bf4 Kg8 87. Kf6 Kh7 88. Bg5 Kg8 89. Kxg6 Kh8 90. Kxh5 Kh7 91. Bf4 Kg7 92. g4 Kf6 93. Kh6 Ke6 94. g5 Kf5 95. g6 Kxf4 96. g7 Kg3 97. g8=Q+ Kxh4 98. Kg6 Kh3 99. Kf5 Kh2 100. Kf4 Kh1 101. Kf3 Kh2 102. Qg2# 1-0


[Site "https://www.chess.com"]

[Event "Titled Tuesday Blitz February 22 Late 2022"]
[White "Rosen, Eric"]
[Black "Romero Ruscalleda, Josep"]
[WhiteFideId "2032562"]
[BlackFideId "2231859"]
[WhiteElo "2362"]
[BlackElo "2386"]
[Result "1/2-1/2"]
[Round "07"]
[TimeControl "180+1"]
[Date "2022.02.23"]
[WhiteClock "0:00:04"]
[BlackClock "0:00:37"]

1. e4 g6 2. d4 Bg7 3. Nf3 d6 4. Bc4 Nf6 5. Qe2 O-O 6. e5 dxe5 7. dxe5 Nd5 8. h3 c6 9. O-O Be6 10. c3 Nc7 11. Bb3 Nd7 12. Bf4 Nc5 13. Bc2 Qc8 14. Nbd2 Bf5 15. Ne4 N7e6 16. Bg3 Nxe4 17. Bxe4 Nc5 18. Bc2 Bxc2 19. Qxc2 Qf5 20. Qxf5 gxf5 21. b4 Ne4 22. c4 Nxg3 23. fxg3 e6 24. Rad1 Rfd8 25. Kf2 Kf8 26. Ke2 Ke7 27. Rxd8 Rxd8 28. Rd1 Rxd1 29. Kxd1 f6 30. exf6+ Bxf6 31. Ke2 e5 32. Nd2 e4 33. Nb3 Bc3 34. a3 b6 35. Ke3 Ke6 36. g4 fxg4 37. hxg4 Ke5 38. b5 cxb5 39. cxb5 h6 40. a4 Bb4 41. Ke2 Kf4 42. Nd4 Kxg4 43. Nc6 Bc5 44. Nxa7 Kg3 45. Kf1 h5 46. Nc6 h4 47. Ne5 Kf4 48. Nd7 Bd4 49. Ke2 Kg3 50. Kf1 e3 51. a5 bxa5 52. b6 Bxb6 53. Nxb6 e2+ 54. Kxe2 Kxg2 55. Nc4 h3 56. Ne3+ Kg1 57. Ng4 a4 58. Kd3 Kg2 59. Kc3 Kg3 60. Ne3 Kf3 61. Nf1 Kf2 62. Nh2 Kg3 63. Nf1+ Kf2 64. Nh2 Kg2 65. Ng4 a3 66. Kb3 Kf3 67. Nh2+ Kg3 68. Nf1+ Kf2 69. Nh2 Kg2 70. Ng4 a2 71. Kxa2 Kf3 72. Nh2+ Kf4 73. Kb2 Kg3 74. Nf1+ Kg2 75. Ne3+ Kf3 76. Nf1 Ke2 77. Nh2 Kf2 78. Kc2 Kg3 79. Nf1+ Kg2 80. Ne3+ Kf2 81. Kd3 Kf3 82. Nf1 1/2-1/2


[Site "https://www.chess.com"]

[Event "Titled Tuesday Blitz February 22 Late 2022"]
[White "Rustemov, Alexander"]
[Black "Kukhmazov, Arsen"]
[WhiteFideId "4119002"]
[BlackFideId "24108260"]
[WhiteElo "2694"]
[BlackElo "2487"]
[Result "0-1"]
[Round "07"]
[TimeControl "180+1"]
[Date "2022.02.22"]
[WhiteClock "0:00:07"]
[BlackClock "0:00:07"]

1. d4 d5 2. c4 c6 3. Nc3 Nf6 4. e3 Bf5 5. cxd5 cxd5 6. Qb3 Nc6 7. Qxb7 Bd7 8. Qb3 Rb8 9. Qd1 e5 10. dxe5 Nxe5 11. Be2 Bd6 12. Nf3 O-O 13. O-O Qe7 14. Nxe5 Qxe5 15. g3 Bh3 16. Re1 Rfd8 17. Bf3 Ne4 18. Qd4 Rb4 19. Qxe5 Bxe5 20. Rd1 Nxc3 21. bxc3 Bxc3 22. Bd2 Bxd2 23. Rxd2 d4 24. Bg2 Be6 25. a3 Ra4 26. Bc6 Rc4 27. Bb5 Rc5 28. a4 Rcd5 29. e4 R5d6 30. e5 Rd5 31. f4 Kf8 32. Bc4 Rc5 33. Bxe6 fxe6 34. Kf2 Rc3 35. Rad1 Rc4 36. a5 Ra4 37. Kf3 Ke7 38. Ke4 d3+ 39. Ke3 Rxa5 40. Rxd3 Rxd3+ 41. Rxd3 Ra2 42. h3 a5 43. Rb3 a4 44. Rb7+ Kf8 45. Ra7 a3 46. Kf3 Ra1 47. Kg4 a2 48. h4 Ke8 49. h5 h6 50. Ra6 Kd7 51. Ra7+ Kc6 52. Ra8 Kd5 53. Rd8+ Ke4 54. Ra8 Ke3 55. Ra7 Kf2 56. Ra3 Kg2 57. Ra8 Kf2 58. f5 exf5+ 59. Kxf5 Kxg3 60. Kg6 Kf4 61. e6 Rg1+ 62. Kf7 a1=Q 63. Rxa1 Rxa1 64. Kxg7 Re1 65. Kxh6 Rxe6+ 66. Kg7 Kg5 67. h6 Rxh6 0-1


[Site "https://www.chess.com"]

[Event "Titled Tuesday Blitz February 22 Late 2022"]
[White "Sailer, Mike"]
[Black "Lock, Gavin R"]
[WhiteFideId "2012901"]
[BlackFideId "408646"]
[WhiteElo "2109"]
[BlackElo "2104"]
[Result "1-0"]
[Round "07"]
[TimeControl "180+1"]
[Date "2022.02.23"]
[WhiteClock "0:00:20"]
[BlackClock "0:00:01"]

1. d4 d5 2. Nf3 Nf6 3. Bf4 e6 4. e3 Bd6 5. Bg3 O-O 6. Bd3 c5 7. c3 Qc7 8. Nbd2 Nbd7 9. a3 e5 10. dxe5 Nxe5 11. Nxe5 Bxe5 12. Bxe5 Qxe5 13. Nf3 Qe7 14. O-O Bg4 15. Be2 Rad8 16. Qc2 h6 17. Rad1 Qe6 18. h3 Bf5 19. Qa4 a6 20. Qf4 Rfe8 21. Qc7 Qc8 22. Qxc8 Rxc8 23. c4 dxc4 24. Bxc4 b5 25. Be2 Red8 26. Ne5 c4 27. Bf3 Be4 28. Rxd8+ Rxd8 29. Nc6 Rd6 30. Bxe4 Nxe4 31. Nd4 Kf8 32. Rc1 g6 33. f3 Nc5 34. Kf1 Ke7 35. Ke2 f5 36. Rc2 Na4 37. f4 Nc5 38. g4 Kf6 39. gxf5 gxf5 40. Kf3 Ne4 41. Rg2 c3 42. bxc3 Nxc3 43. Rg8 Nb1 44. Rf8+ Ke7 45. Rxf5 Nxa3 46. Re5+ Kd7 47. f5 Nc4 48. Rc5 Nd2+ 49. Kf4 Nc4 50. Ne6 Nb6 51. Rc7+ Ke8 52. Ke5 1-0


[Site "https://www.chess.com"]

[Event "Titled Tuesday Blitz February 22 Late 2022"]
[White "Sanchez Alvares, Kelvin Antonio"]
[Black "Elissalt Cardenas, Hector"]
[WhiteFideId "3906680"]
[BlackFideId "3500632"]
[WhiteElo "2193"]
[BlackElo "2159"]
[Result "1-0"]
[Round "07"]
[TimeControl "180+1"]
[Date "2022.02.23"]
[WhiteClock "0:00:19"]
[BlackClock "0:00:27"]

1. d4 d5 2. c4 e6 3. Nf3 Nf6 4. Nc3 Be7 5. Bg5 h6 6. Bxf6 Bxf6 7. e3 O-O 8. Qc2 c5 9. dxc5 dxc4 10. Bxc4 Nd7 11. O-O-O Qe7 12. h4 Nxc5 13. g4 Bxc3 14. Qxc3 b5 15. Be2 Bb7 16. Kb1 Be4+ 17. Ka1 b4 18. Qxb4 Rab8 19. Qa3 a5 20. Rc1 Qb7 21. Rxc5 Bxf3 22. Bxf3 Qxf3 23. Rhc1 Qxf2 24. g5 h5 25. R5c4 Rfd8 26. Qc3 Rb4 27. Rc8 Rxc8 28. Qxc8+ Kh7 29. Qc2+ Qxc2 30. Rxc2 Rxh4 31. b3 Kg6 32. Kb2 Rb4 33. Kc3 Rb5 34. Kc4 Rxg5 35. a3 h4 36. b4 axb4 37. axb4 Kh5 38. b5 Rc5+ 39. Kxc5 1-0


[Site "https://www.chess.com"]

[Event "Titled Tuesday Blitz February 22 Late 2022"]
[White "Sarana, Alexey"]
[Black "Moroni, Luca Jr"]
[WhiteFideId "24133795"]
[BlackFideId "865834"]
[WhiteElo "2665"]
[BlackElo "2573"]
[Result "1/2-1/2"]
[Round "07"]
[TimeControl "180+1"]
[Date "2022.02.22"]
[WhiteClock "0:00:04"]
[BlackClock "0:00:03"]

1. d4 d6 2. e4 e5 3. Nf3 exd4 4. Nxd4 Nf6 5. Nc3 Be7 6. g3 O-O 7. Bg2 Re8 8. O-O Bf8 9. h3 c6 10. Bf4 a5 11. Re1 Na6 12. Qd2 Nc5 13. Rad1 a4 14. b4 axb3 15. cxb3 Qa5 16. Qb2 Qa6 17. Bf1 Qa7 18. Qc2 Na6 19. a3 Nc5 20. b4 Ne6 21. Nxe6 Bxe6 22. a4 d5 23. Be3 Qb8 24. b5 dxe4 25. Bd4 Be7 26. Bxf6 Bxf6 27. Nxe4 Be7 28. bxc6 bxc6 29. Bc4 Bxc4 30. Qxc4 Qb7 31. Rb1 Qc7 32. Nc3 Bf8 33. Rxe8 Rxe8 34. Nd5 Qd7 35. Nf4 Bd6 36. Rd1 Qc7 37. Ne2 h6 38. a5 Be5 39. a6 Qb6 40. Rd2 Ra8 41. Ra2 Bc7 42. Nd4 c5 43. Nc2 Bd6 44. Ne3 Qc6 45. Kh2 Be5 46. Nd5 Bd4 47. Kg1 Qd6 48. Nf4 Qe5 49. Nd3 Qxg3+ 50. Kf1 Qxh3+ 51. Kg1 Re8 52. a7 Qg4+ 53. Kf1 Qf3 54. Kg1 Qg4+ 55. Kf1 Qf3 56. Kg1 h5 57. Qb5 Qg4+ 58. Kf1 Qf3 59. Kg1 Qg4+ 60. Kf1 Qh3+ 61. Kg1 Qg4+ 1/2-1/2


[Site "https://www.chess.com"]

[Event "Titled Tuesday Blitz February 22 Late 2022"]
[White "Sargsyan, Anna M."]
[Black "Kobo, Ori"]
[WhiteFideId "13308130"]
[BlackFideId "2812320"]
[WhiteElo "2271"]
[BlackElo "2420"]
[Result "0-1"]
[Round "07"]
[TimeControl "180+1"]
[Date "2022.02.22"]
[WhiteClock "0:00:06"]
[BlackClock "0:00:11"]

1. e4 c5 2. Nf3 e6 3. d4 cxd4 4. Nxd4 a6 5. Bd3 Bc5 6. Nb3 Ba7 7. O-O Nc6 8. c4 Nf6 9. c5 d6 10. Be3 d5 11. Nc3 O-O 12. Na4 dxe4 13. Bc2 e5 14. Bg5 Bf5 15. Re1 Nb4 16. Qxd8 Raxd8 17. Bxf6 Nxc2 18. Bxd8 Nxe1 19. Bb6 Bxb6 20. cxb6 Nd3 21. Nac5 Nxb2 22. Nxb7 Nc4 23. N3c5 Nxb6 24. Nd6 Bg6 25. Ndxe4 Rc8 26. f3 f5 27. Nxa6 fxe4 28. fxe4 Bxe4 29. Re1 Rc4 30. a3 Nd5 31. g3 Nf6 32. Nb4 h5 33. h3 Kh7 34. Kf2 Rc3 35. Re3 Rc1 36. Re2 Rh1 37. g4 Rxh3 38. g5 Ng4+ 39. Ke1 Bf3 40. Rc2 e4 41. Rc6 e3 42. g6+ Kh6 0-1


[Site "https://www.chess.com"]

[Event "Titled Tuesday Blitz February 22 Late 2022"]
[White "Sarkar, Justin"]
[Black "Petrovic, Aleksa"]
[WhiteFideId "2010011"]
[BlackFideId "967629"]
[WhiteElo "2038"]
[BlackElo "2139"]
[Result "0-1"]
[Round "07"]
[TimeControl "180+1"]
[Date "2022.02.23"]
[WhiteClock "0:00:01"]
[BlackClock "0:00:35"]

1. e4 d5 2. exd5 Qxd5 3. Nc3 Qa5 4. d4 Nf6 5. Bd2 c6 6. Ne4 Qd8 7. Nxf6+ exf6 8. Be3 Bd6 9. Bc4 O-O 10. Ne2 Bf5 11. O-O Nd7 12. Bf4 Nb6 13. Bxd6 Qxd6 14. Bd3 Bxd3 15. Qxd3 Rad8 16. Rad1 h6 17. c4 Qb4 18. b3 a5 19. Qc3 Rfe8 20. Qxb4 axb4 21. Rd2 Ra8 22. Rfd1 Ra3 23. f3 Rea8 24. Nc1 Rd8 25. Kf2 Kf8 26. Nd3 Rxd4 27. Nxb4 Rxd2+ 28. Rxd2 Ra8 29. c5 Nc8 30. Rd7 Rb8 31. Rd8+ Ke7 32. Rg8 g6 33. a4 Ra8 34. g4 Nb6 35. Rxa8 Nxa8 36. Ke3 Nc7 37. Kd4 Ne6+ 38. Kc4 Ng5 39. f4 Nf3 40. h3 Nd2+ 41. Kc3 Ne4+ 42. Kd4 Nf2 43. a5 Kd7 44. a6 bxa6 45. Nxa6 Nxh3 46. Ke3 g5 47. f5 Nf4 48. b4 h5 49. gxh5 Nxh5 50. Kf3 Ng7 51. Nb8+ Kc7 0-1


[Site "https://www.chess.com"]

[Event "Titled Tuesday Blitz February 22 Late 2022"]
[White "Saveliev, Alexei"]
[Black "Timofeev, Artyom"]
[WhiteFideId "24128546"]
[BlackFideId "4140419"]
[WhiteElo "2281"]
[BlackElo "2583"]
[Result "0-1"]
[Round "07"]
[TimeControl "180+1"]
[Date "2022.02.22"]
[WhiteClock "0:00:01"]
[BlackClock "0:01:29"]

1. c4 Nf6 2. Nc3 e6 3. e4 c5 4. f4 Nc6 5. Nf3 d6 6. Be2 Be7 7. O-O O-O 8. d3 b6 9. Kh1 Bb7 10. Be3 d5 11. cxd5 exd5 12. e5 d4 13. exf6 Bxf6 14. Bxd4 Bxd4 15. a3 Re8 16. Qc2 Rc8 17. Ne4 Ne7 18. Nxd4 Qxd4 19. Bf3 Nf5 20. Nf6+ Qxf6 21. Bxb7 Rb8 22. Qa4 b5 23. Qxb5 Nd6 24. Qxc5 Rxb7 25. b4 Rbe7 26. h3 Nf5 27. Kh2 h5 28. b5 Re2 29. Rac1 Ne3 30. Rg1 Qxf4+ 31. Kh1 Nf5 32. Rgd1 Rxg2 33. Kxg2 Re2+ 0-1


[Site "https://www.chess.com"]

[Event "Titled Tuesday Blitz February 22 Late 2022"]
[White "Sevian, Samuel"]
[Black "Kamsky, Gata"]
[WhiteFideId "2040506"]
[BlackFideId "2000024"]
[WhiteElo "2698"]
[BlackElo "2645"]
[Result "1-0"]
[Round "07"]
[TimeControl "180+1"]
[Date "2022.02.22"]
[WhiteClock "0:00:19"]
[BlackClock "0:00:01"]

1. e4 c5 2. Nf3 e6 3. d4 cxd4 4. Nxd4 Nf6 5. Nc3 d6 6. g4 h6 7. h3 a6 8. Bg2 g5 9. Qe2 Be7 10. Be3 Nbd7 11. O-O-O Qc7 12. h4 Rg8 13. hxg5 hxg5 14. f4 gxf4 15. Bxf4 e5 16. g5 exf4 17. gxf6 Nxf6 18. Bh3 Bxh3 19. Rxh3 O-O-O 20. Nd5 Nxd5 21. exd5 Rg3 22. Rd3 Kb8 23. Rc3 f3 24. Nxf3 Rxh3 25. Rxc7 Rh1+ 26. Kd2 Kxc7 27. Qxe7+ Rd7 28. Qf6 Kb8 29. Nd4 1-0


[Site "https://www.chess.com"]

[Event "Titled Tuesday Blitz February 22 Late 2022"]
[White "Sharafiev, Azat"]
[Black "Andreikin, Dmitry"]
[WhiteFideId "4186214"]
[BlackFideId "4158814"]
[WhiteElo "2299"]
[BlackElo "2736"]
[Result "0-1"]
[Round "07"]
[TimeControl "180+1"]
[Date "2022.02.22"]
[WhiteClock "0:00:41"]
[BlackClock "0:00:56"]

1. d4 Nf6 2. Nf3 e6 3. Bg5 h6 4. Bh4 d6 5. Nbd2 g5 6. Bg3 Nh5 7. e4 Bg7 8. c3 Nd7 9. Bd3 b6 10. Qe2 a6 11. Nf1 Bb7 12. h4 Qe7 13. Bh2 g4 14. N3d2 Qxh4 15. O-O-O Qg5 16. Ne3 g3 17. Nf3 Nf4 18. Qd2 Nxd3+ 19. Qxd3 Qg6 20. Bxg3 Qxe4 21. Qc4 Qc6 22. Qe2 Qb5 23. c4 Qa5 24. Nf5 Qxf5 0-1


[Site "https://www.chess.com"]

[Event "Titled Tuesday Blitz February 22 Late 2022"]
[White "Sjugirov, Sanan"]
[Black "Erdogdu, Mert"]
[WhiteFideId "4189302"]
[BlackFideId "6301495"]
[WhiteElo "2602"]
[BlackElo "2485"]
[Result "1-0"]
[Round "07"]
[TimeControl "180+1"]
[Date "2022.02.22"]
[WhiteClock "0:00:05"]
[BlackClock "0:00:04"]

1. d4 d5 2. c4 e6 3. Nf3 c5 4. cxd5 exd5 5. g3 Nc6 6. Bg2 Nf6 7. O-O Be7 8. Nc3 O-O 9. Bg5 cxd4 10. Nxd4 h6 11. Be3 Re8 12. Qd2 Bg4 13. Rfd1 Qd7 14. Nb3 Bb4 15. Rac1 Rad8 16. a3 Bxc3 17. Rxc3 Ne4 18. Bxe4 dxe4 19. Qxd7 Bxd7 20. Rdc1 Bh3 21. Nc5 Bc8 22. Kg2 Ne7 23. R3c2 Nd5 24. Bd4 b6 25. Nb3 Ba6 26. Rd1 Rd7 27. Rcd2 Red8 28. e3 Bc4 29. Nc1 Ne7 30. g4 Be6 31. Kg3 g5 32. h3 f5 33. Bc3 f4+ 34. exf4 gxf4+ 35. Kxf4 Nd5+ 36. Kg3 Nxc3 37. Rxd7 Rxd7 38. Rxd7 Bxd7 39. bxc3 Kf7 40. Kf4 Bc6 41. Ne2 Ke6 42. Nd4+ 1-0


[Site "https://www.chess.com"]